 Dungeon Sprint DCSS version 0.19-a0-82-gd3566c2 (webtiles) character file.

2259 Kidiri the Grappler (level 9, -11/93 HPs)
             Began as a Troll Monk on May 15, 2016.
             Was an Elder of Qazlal.
             Mangled by Sonja
             ... wielding a +0 dagger of distortion
              (17 damage)
             ... in the Dungeon (Sprint IX: "|||||||||||||||||||||||||||||").
             The game lasted 00:03:57 (429 turns).

Kidiri the Grappler (Troll Monk)                     Turns: 429, Time: 00:03:58

Health: -11/93     AC:  6    Str: 24    XL:     9   Next: 15%
Magic:  12/12      EV: 16    Int:  9    God:    Qazlal [****..]
Gold:   0          SH:  5    Dex: 15    Spells: 0 memorised, 8 levels left

rFire  . . .     SeeInvis .       - Unarmed
rCold  . . .     Gourm    +     a - +0 robe
rNeg   . . .     Faith    .     (no shield)
rPois  .         Spirit   .     (helmet restricted)
rElec  .         Dismiss  .     m - +0 cloak
rCorr  .         Reflect  .     (gloves unavailable)
SustAt .         Harm     .     (boots unavailable)
MR     .....     NoTele   +     (no amulet)
Stlth  +.........               o - +3 ring of dexterity
                                n - +3 ring of intelligence

@: slowed, repel missiles, very slow, not resistant to hostile enchantments,
very unstealthy
A: unfitting armour, claws 3, fast metabolism 3, gourmand, regeneration 2,
shaggy fur 1, tough skin 2
a: Upheaval, Elemental Force, Renounce Religion


You were in the Dungeon.
You worshipped Qazlal.
Qazlal was greatly pleased with you.
You were completely stuffed.

You visited 1 branch

Inventory:

Armour
 a - a +0 robe (worn)
 m - a +0 cloak (worn)
Jewellery
 n - a +3 ring of intelligence (left claw)
 o - a +3 ring of dexterity (right claw)
Wands
 l - a wand of acid (5/15)
Scrolls
 h - 2 scrolls of blinking
 j - 3 scrolls of remove curse
 k - 2 scrolls of amnesia
Potions
 c - 4 potions of curing
 e - a potion of haste
 f - 4 potions of magic
 g - a potion of invisibility
Comestibles
 b - 2 bread rations


   Skills:
 + Level 7.3 Fighting
 + Level 6.7 Armour
 * Level 10.1 Dodging
 - Level 1.1 Stealth
 * Level 12.0 Unarmed Combat
 + Level 5.8 Invocations


You had 8 spell levels left.
You didn't know any spells.

Dungeon Overview and Level Annotations

Branches:
Dungeon (1/1)

Altars:
Cheibriados
Dithmenos
Elyvilon
Fedhas
Gozag
Kikubaaqudgha
Makhleb
Nemelex Xobeh
Okawaru
Pakellas
Qazlal
Ru
Sif Muna
Trog
Vehumet
Xom
Yredelemnul
Zin
The Shining One
Beogh
Jiyva
Lugonu

Annotations:
D Sonja


Innate Abilities, Weirdness & Mutations

You are too large for most types of armour.
You have claws for hands.
Your metabolism is lightning-fast.
You like to eat raw meat.
You heal very quickly.
You are covered in fur (AC +1).
You have very tough skin (AC +2).


Message History

Sonja barely misses you.
Sonja hits you with an uncursed dagger of distortion.
Space bends around you.
Sonja zaps a wand.
You struggle to resist.
You barely miss Sonja.
You feel sick.
Sonja hits you with an uncursed dagger of distortion.
Space bends around you. Sonja hits you but does no damage.
Sonja completely misses you.
Sonja zaps a wand.
You are blasted!
* * * LOW HITPOINT WARNING * * *
You completely miss Sonja. Sonja hits you but does no damage.
Space warps horribly around you!
* * * LOW HITPOINT WARNING * * *
Sonja closely misses you. Sonja completely misses you.
Unknown command.
Drink which item? (? for menu, Esc to quit)
You feel better.
Sonja zaps a wand.
You are blasted!
* * * LOW HITPOINT WARNING * * *
Sonja hits you with an uncursed dagger of distortion.
* * * LOW HITPOINT WARNING * * *
Space warps horribly around you!
You die...

▓▓▓▓▓▓▓▓▓▓▓▓▓▓▓▓▓▓▓▓▓▓▓▓▓▓▓▓▓▓
▓<...')...)).....'____________
▓▓▓▓▓▓▓▓▓▓▓▓▓▓▓▓▓▓▓▓▓▓▓▓▓▓▓▓▓▓
......K@..(((...........
▓▓▓▓▓▓▓▓▓▓▓▓▓▓▓▓▓▓▓▓▓▓▓▓


You could see Sonja.

Vanquished Creatures
  A centaur warrior (D)
  A hill giant (D)
  A kobold demonologist (D)
  A slime creature (D)
  3 orc warriors (D)
  3 ogres (D)
  A giant frog (D)
  A quasit (D)
  A crimson imp (D)
  An orc priest (D)
  An iguana (D)
  A giant gecko (D)
  An orc (D)
  A bat (D)
  2 goblins (D)
  A kobold (D)
  A giant newt (D)
22 creatures vanquished.

Notes
Turn   | Place    | Note
--------------------------------------------------------------
     0 | D        | Kidiri the Troll Monk began the quest for the Orb.
     0 | D        | Reached XP level 1. HP: 22/22 MP: 0/0
    13 | D        | Reached skill level 1 in Armour
    37 | D        | Noticed an ogre
    37 | D        | Noticed an iguana
    37 | D        | Noticed an ogre
    37 | D        | Noticed a quasit
    41 | D        | Killed an ogre
    41 | D        | Reached skill level 6 in Unarmed Combat
    41 | D        | Reached XP level 2. HP: 19/32 MP: 1/1
    41 | D        | Reached XP level 3. HP: 24/39 MP: 2/2
    41 | D        | Reached XP level 4. HP: 29/48 MP: 3/3
    44 | D        | Reached skill level 5 in Dodging
    46 | D        | Killed an ogre
    46 | D        | Reached skill level 7 in Unarmed Combat
    46 | D        | Reached XP level 5. HP: 29/55 MP: 4/4
    47 | D        | Reached skill level 8 in Unarmed Combat
    58 | D        | Found a glowing silver altar of Zin.
    58 | D        | Found a glowing golden altar of the Shining One.
    58 | D        | Found an ancient bone altar of Kikubaaqudgha.
    58 | D        | Found a basalt altar of Yredelemnul.
    58 | D        | Found a shimmering altar of Xom.
    58 | D        | Found a radiant altar of Vehumet.
    59 | D        | Found an iron altar of Okawaru.
    60 | D        | Found a burning altar of Makhleb.
    61 | D        | Found a deep blue altar of Sif Muna.
    62 | D        | Found a bloodstained altar of Trog.
    63 | D        | Found a sparkling altar of Nemelex Xobeh.
    64 | D        | Found a white marble altar of Elyvilon.
    65 | D        | Found a roughly hewn altar of Beogh.
    66 | D        | Found a viscous altar of Jiyva.
    67 | D        | Found a corrupted altar of Lugonu.
    68 | D        | Found a blossoming altar of Fedhas.
    69 | D        | Found a snail-covered altar of Cheibriados.
    70 | D        | Found a shadowy altar of Dithmenos.
    71 | D        | Found a stormy altar of Qazlal.
    72 | D        | Found an opulent altar of Gozag.
    73 | D        | Found a sacrificial altar of Ru.
    74 | D        | Found an oddly glowing altar of Pakellas.
    81 | D        | Became a worshipper of Qazlal Stormbringer
    81 | D        | Reached * piety under Qazlal
    81 | D        | Reached ** piety under Qazlal
   110 | D        | Noticed an orc warrior
   110 | D        | Noticed an orc warrior
   118 | D        | Killed an orc warrior
   118 | D        | Reached skill level 5 in Fighting
   118 | D        | Reached skill level 1 in Invocations
   118 | D        | Reached XP level 6. HP: 46/66 MP: 0/6
   124 | D        | Reached skill level 9 in Unarmed Combat
   128 | D        | Killed an orc warrior
   128 | D        | Reached *** piety under Qazlal
   128 | D        | Reached XP level 7. HP: 46/72 MP: 1/8
   192 | D        | Noticed a hill giant
   192 | D        | Noticed a kobold demonologist
   192 | D        | Noticed a slime creature
   192 | D        | Noticed a centaur warrior
   204 | D        | Killed a hill giant
   204 | D        | Reached skill level 5 in Armour
   204 | D        | Reached skill level 10 in Unarmed Combat
   204 | D        | Reached XP level 8. HP: 19/83 MP: 1/10
   266 | D        | Killed a kobold demonologist
   266 | D        | Reached skill level 11 in Unarmed Combat
   270 | D        | Killed a slime creature
   270 | D        | Reached skill level 5 in Invocations
   273 | D        | Killed a centaur warrior
   273 | D        | Reached **** piety under Qazlal
   273 | D        | Reached skill level 10 in Dodging
   273 | D        | Reached XP level 9. HP: 33/93 MP: 5/12
   277 | D        | Reached skill level 12 in Unarmed Combat
   421 | D        | Noticed Sonja
   429 | D        | Mangled by Sonja

Vault maps used:
D:        linesprint

Skill      XL: |  1  2  3  4  5  6  7  8  9 |
---------------+----------------------------+-----
Armour         | 2 3 4 5 6 |  6.7
Dodging        | 4 6 7 8 10 | 10.1
Fighting       | 3 4 5 6 7 |  7.3
Unarmed Combat | 6 7 8 9 10 11 12 | 12.0
Invocations    | 1 2 4 5 |  5.8
Stealth        | |  1.1

Action                   |  1- 3 |  4- 6 |  7- 9 || total
-------------------------+-------+-------+-------++-------
Melee: Unarmed           |    19 |    19 |    28 ||    66
       Punch             |       |     1 |     1 ||     2
Invok: Upheaval          |       |     1 |     3 ||     4
Evoke: Wand              |       |       |     2 ||     2
  Use: Potion            |     1 |       |     4 ||     5
  Eat: Chunk             |       |       |    10 ||    10
Armor: Robe              |     8 |     1 |     3 ||    12
Dodge: Dodged            |    12 |     9 |    20 ||    41
       Deflected         |       |       |     1 ||     1
Block: Other             |       |       |     5 ||     5
